 Dungeon Crawl Stone Soup version 0.22-a0-192-g6ffc940 (webtiles) character file.

166 4thArraOfDagon the Scratcher (level 5, 0/22 HPs)
             Began as a Felid Wanderer on Feb 16, 2018.
             Was a Follower of Okawaru.
             Slain by a big kobold zombie (2 damage)
             ... in an ossuary.
             The game lasted 00:05:59 (993 turns).

4thArraOfDagon the Scratcher (Felid Wanderer)        Turns: 993, Time: 00:06:01

Health: 0/22       AC:  1    Str: 13    XL:     5   Next: 22%
Magic:  9/9        EV: 18    Int: 21    God:    Okawaru [*.....]
Gold:   11         SH:  4    Dex: 14    Spells: 7/8 levels left
                                        Lives:  0   Deaths: 1

rFire    . . .     SeeInvis +     - Unarmed
rCold    . . .     Gourm    .   (shield unavailable)
rNeg     . . .     Faith    .   (armour unavailable)
rPois    .         Spirit   .   (helmet unavailable)
rElec    .         Reflect  .   (cloak unavailable)
rCorr    .         Harm     .   (gloves unavailable)
MR       .....                  (boots unavailable)
Stlth    +++.......             (no amulet)
HPRegen  0.07/turn              (no ring)
MPRegen  0.11/turn              (no ring)

@: mighty, brilliant, quick
A: very small, no armour, no weapons or thrown items, stealth, claws 1, fangs 3,
large bone plates 1, see invisible, carnivore, speed 1, shaggy fur 1, slow
metabolism 1, sharp paws
a: Heroism, Renounce Religion


You were in an ossuary.
You worshipped Okawaru.
Okawaru was aware of your devotion.
You were not hungry.

You visited 2 branches of the dungeon, and saw 6 of its levels.
You also visited: Ossuary.

You collected 11 gold pieces.

Inventory:

Scrolls
 a - a scroll of fear
Books
 c - the Guide on Orientation

   Spells                             Type                      Level
   a - Apportation                    Translocation                1
   b - Gell's Gravitas                Translocation                3
Comestibles
 f - 3 rations


   Skills:
 - Level 2.0 Fighting
 + Level 3.4 Dodging
 + Level 3.8 Stealth
 * Level 5.0 Unarmed Combat
 - Level 2.0 Spellcasting
   Level 1.5 Hexes
 + Level 1.2 Invocations
   Level 1.1 Evocations


You had 7 spell levels left.
You knew the following spells:

 Your Spells              Type           Power        Failure   Level  Hunger
a - Apportation           Tloc           ##....       1%          1    #......


Dungeon Overview and Level Annotations

Branches:
Dungeon (5/15)             Temple (1/1) D:5

Altars:
Ashenzari
Dithmenos
Elyvilon
Fedhas
Gozag
Hepliaklqana
Kikubaaqudgha
Makhleb
Nemelex Xobeh
Okawaru
Qazlal
Ru
Sif Muna
Trog
Uskayaw
Vehumet
Wu Jian
Xom
Yredelemnul
Zin
The Shining One

Annotations:
D:3 4thArraOfDagon's ghost, weakling FeWn


Innate Abilities, Weirdness & Mutations

You cannot wear armour.
You are incapable of wielding weapons or throwing items.
Your paws allow you to move quietly. (Stealth)
You have sharp claws.
You have razor-sharp teeth.
You have supernaturally acute eyesight. (SInv)
You are carnivorous and can eat meat at any time.
You cover ground quickly.
You are covered in fur. (AC +1)
You have a slow metabolism.
Your sharp claws are effective at attacking unaware monsters.
You are partially covered in large bone plates. (SH +4)


Message History

Unknown command.
Unknown command.
You scratch the big kobold zombie.
The big kobold zombie is almost destroyed.
You block the big kobold zombie's attack.
Unknown command.
Unknown command.
Unknown command.
You claw the big kobold zombie!
You destroy the big kobold zombie!
Okawaru accepts your kill.
You can now gain great but temporary skills.
Your Unarmed Combat skill increases to level 5!
Unknown command.
Unknown command.
Unknown command.
You scratch the big kobold zombie.
The big kobold zombie is lightly damaged.
The big kobold zombie hits you.
You die...

##################
#.........∩∩......
#.................
#...##############
#...# #.. #...# #..
#...# #.. #..@#
...∩M# #.. #..Z#
.....# #.. #..Z#
....# #.. #..Z#
....## #.. #...#
..ZZ #.. #...# #MZ#
#.. #...# #..# #Z.
#...# #..# #..
#...######..######..


You could see a rat zombie, a kobold zombie and a big kobold zombie.

Vanquished Creatures
  An ogre (D:5)
  A crimson imp (D:5)
  A human zombie (Ossuary)
  A big kobold zombie (Ossuary)
  2 mummies (Ossuary)
  An adder skeleton (D:5)
  A leopard gecko (D:3)
  A giant cockroach (D:1)
  3 hobgoblins
  3 kobolds (D:1)
  A quokka (D:3)
  4 bats
  5 frilled lizards
  3 goblins (D:1)
  A goblin zombie (D:5)
  11 hobgoblin zombies (Ossuary)
  2 jackal zombies (Ossuary)
  6 kobold zombies (Ossuary)
  7 orc zombies (Ossuary)
  A rat (D:1)
  A rat zombie (D:5)
57 creatures vanquished.

Notes
Turn   | Place    | Note
-------+----------+-------------------------------------------
     0 | D:1      | 4thArraOfDagon the Felid Wanderer began the quest for the Orb.
     0 | D:1      | 4thArraOfDagon set off with: a scroll of fear, a potion of heal wounds, the Guide on Orientation, a scroll of teleportation, a ration
     0 | D:1      | Reached XP level 1. HP: 9/9 MP: 4/4
     2 | D:1      | Identified the Guide on Orientation
     4 | D:1      | Learned a level 1 spell: Apportation
    29 | D:1      | Gained mutation: You are partially covered in large bone plates. (SH +4) [potion of mutation]
    63 | D:1      | Reached skill level 1 in Dodging
    83 | D:1      | Reached XP level 2. HP: 13/13 MP: 6/6
   263 | D:3      | Noticed 4thArraOfDagon's ghost (weakling FeWn)
   286 | D:3      | Noticed an ice beast
   329 | D:5      | Entered Level 5 of the Dungeon
   329 | D:5      | Noticed an ogre
   344 | D:5      | Killed an ogre
   344 | D:5      | Reached skill level 4 in Unarmed Combat
   344 | D:5      | Reached XP level 3. HP: 16/16 MP: 7/7
   344 | D:5      | Reached XP level 4. HP: 19/19 MP: 8/8
   355 | D:5      | Found a staircase to the Ecumenical Temple.
   365 | Temple   | Entered the Ecumenical Temple
   464 | Temple   | Became a worshipper of Warmaster Okawaru
   532 | D:5      | Reached XP level 5. HP: 11/22 MP: 9/9
   565 | D:5      | Noticed a water moccasin
   650 | D:5      | Slain by an orc wizard
   651 | D:5      | Reached XP level 4. HP: -1/19 MP: 8/8
   724 | D:5      | Found a sand-covered staircase.
   739 | Ossuary  | Entered an ossuary
   987 | Ossuary  | Reached skill level 1 in Invocations
   987 | Ossuary  | Reached XP level 5. HP: 1/22 MP: 9/9
   991 | Ossuary  | Reached * piety under Okawaru
   991 | Ossuary  | Reached skill level 5 in Unarmed Combat
   993 | Ossuary  | Slain by a big kobold zombie

Vault maps used:
D:1:      saegor_arrival_fortress
D:3:      due_unseen_surprise
D:4:      first_ration, uniq_sigmund
D:5:      minmay_temple_entry_butterflies, enter_ossuary_4
Temple:   regret_index_temple_sigil_plot
Ossuary:  ossuary_tomb_1

Skill      XL: |  1  2  3  4  5 |
---------------+----------------+-----
Dodging        | 1 2 3 |  3.4
Stealth        | 2 3 |  3.8
Unarmed Combat | 4 5 |  5.0
Invocations    | 1 |  1.2
Fighting       | |  2.0
Spellcasting   | |  2.0
Hexes          | |  1.5
Evocations     | |  1.1

Action                   |  1- 3 |  4- 6 || total
-------------------------+-------+-------++-------
Melee: Unarmed           |    57 |   119 ||   176
       Bite              |     4 |    14 ||    18
       Punch             |       |     3 ||     3
  Use: Potion            |     3 |     5 ||     8
       Scroll            |       |     5 ||     5
 Stab: Sleeping          |     5 |     3 ||     8
  Eat: Chunk             |     5 |     1 ||     6
Armor: Skin              |     1 |       ||     1
Dodge: Dodged            |    30 |    66 ||    96
Block: Other             |     9 |    12 ||    21

Table legend:
 A = Spawn XP
 B = Non-spawn XP
 C = Spawn XP percentage of total XP
 D = Spawn monster count
 E = Non-spawn monster count
 F = Spawn count percentage of total count
 G = Total turns spent on level
                    A         B        C        D         E        F      G
               +---------+---------+-------+---------+---------+-------+---------
         Total |       0 |     339 |   0.0 |       0 |      57 |   0.0 |   993
               +---------+---------+-------+---------+---------+-------+---------
           D:1 |       0 |      21 |   0.0 |       0 |      14 |   0.0 |   176
           D:2 |       0 |       3 |   0.0 |       0 |       2 |   0.0 |    83
           D:3 |       0 |       9 |   0.0 |       0 |       5 |   0.0 |    53
           D:4 |       0 |       1 |   0.0 |       0 |       1 |   0.0 |    17
           D:5 |       0 |     173 |   0.0 |       0 |       5 |   0.0 |   291
       Ossuary |       0 |     132 |   0.0 |       0 |      30 |   0.0 |   254
               +---------+---------+-------+---------+---------+-------+---------
